 Dungeon Crawl Stone Soup version 0.17.1-1-g73c8601 (webtiles) character file.

751 zercules the Archer (level 7, -11/55 HPs)
             Began as a Centaur Hunter on Jan 16, 2016.
             Was an Elder of Cheibriados.
             Mangled by zercules's ghost (14 damage)
             ... on level 5 of the Dungeon.
             The game lasted 00:24:53 (4465 turns).

zercules the Archer (Centaur Hunter)                Turns: 4465, Time: 00:24:53

Health: -11/55     AC:  7    Str: 25      XL:     7   Next: 49%
Magic:  7/7        EV: 10    Int: 18 (22) God:    Cheibriados [****..]
Gold:   171        SH:  0    Dex: 19      Spells: 0 memorised, 6 levels left

rFire  . . .     SeeInvis .     a - +1 shortbow
rCold  . . .     Clarity  .     c - +0 leather armour
rNeg   . . .     SustAt   .     (shield currently unavailable)
rPois  .         Gourm    .     g - +2 helmet
rElec  .         Spirit   .     (no cloak)
rCorr  .         Warding  .     (no gloves)
rMut   .         Stasis   .     (no barding)
MR     .....                    (no amulet)
Stlth  +.........               (no ring)
                                (no ring)

@: lethally poisoned (-11 -> -12), very slow, not resistant to hostile
enchantments, very unstealthy
A: hooves 3, deformed body, speed 2, tough skin 3
a: Bend Time, Temporal Distortion, Slouch, Renounce Religion


You were on level 5 of the Dungeon.
You worshipped Cheibriados.
Cheibriados was greatly pleased with you.
You were not hungry.

You visited 1 branch of the dungeon, and saw 5 of its levels.
You also visited: Sewer.

You collected 171 gold pieces.

Inventory:

Hand Weapons
 a - a +1 shortbow (weapon)
 b - a +0 long sword
 K - a +0 blowgun
 M - a +0 short sword
 O - a +0 shortbow
Missiles
 d - 23 arrows (quivered)
 L - 9 poisoned needles
Armour
 c - a +0 leather armour (worn)
 g - a +2 helmet (worn)
Jewellery
 u - an uncursed ring of flight {unknown}
 E - an uncursed ring of magical power {unknown}
Wands
 C - a wand of teleportation (1)
Scrolls
 f - 2 scrolls of remove curse {unknown}
 m - 2 scrolls of fog {unknown}
 n - 3 scrolls of blinking {unknown}
 p - 2 scrolls of enchant weapon {unknown}
 q - 3 scrolls of identify {unknown}
 r - 2 scrolls of amnesia {unknown}
 s - a scroll of random uselessness {unknown}
 t - a scroll of immolation {unknown}
 y - a scroll of recharging {unknown}
 G - 3 scrolls of teleportation {unknown}
 N - a scroll of fear {unknown}
Potions
 h - a potion of lignification {unknown}
 j - 3 potions of degeneration
 k - 2 potions of brilliance
 l - a potion of agility {unknown}
 o - a potion of cure mutation {unknown}
 v - a potion of cancellation {unknown}
 A - 2 potions of invisibility {unknown}
 B - a potion of heal wounds {unknown}
 D - a potion of curing {unknown}
 F - 2 potions of might
 H - a potion of magic {unknown}
 I - a potion of haste {unknown}
 J - a potion of flight {unknown}
Comestibles
 e - 5 bread rations
 i - 2 meat rations
 w - 2 beef jerkies
 x - 2 slices of pizza
 z - 3 fruits
 P - a chunk of flesh


   Skills:
 - Level 2.0 Fighting
 + Level 11.8 Bows
 - Level 1.3 Dodging
 - Level 0.5 Stealth


You had 6 spell levels left.
You didn't know any spells.

Dungeon Overview and Level Annotations

Branches:
Dungeon (5/15)             Temple (0/1) D:5

Altars:
Cheibriados
Sif Muna
The Shining One

Annotations:
D:3 zercules's ghost, weakling OgBe
D:5 zercules's ghost, novice TrMo


Innate Abilities, Weirdness & Mutations

You have hooves in place of feet.
Armour fits poorly on your strangely shaped body.
You cover ground very quickly.
You have extremely tough skin (AC +3).


Message History

d - 24 arrows (gained 2) Zercules's ghost hits you!
Evoke which item? (* to show all) (? for menu, Esc to quit)
Okay, then.
You feel sick. Zercules's ghost hits you!
You see here 2 arrows.
You fail to use your ability.
Zercules's ghost closely misses you.
You fail to use your ability.
Zercules's ghost hits you!
* * * LOW HITPOINT WARNING * * *
Really attack while wielding your +1 shortbow? [Y]es or [N]o only, please.
Really attack while wielding your +1 shortbow?
Okay, then.
Firing (i - inventory):
d - 24 arrows (quivered)
Press: ? - help, Shift-Dir - straight line, f - zercules's ghost
Aim: zercules's ghost You shoot an arrow.
The arrow hits zercules's ghost.
Zercules's ghost is lightly damaged.
You feel sick. Zercules's ghost hits you!
You die...

.### ### #<#
#.#..<.......#. .## ###
###.#..#....##.#. ..## .
..#.#............ ...#
.. #.#.##.####.##.#.
...# ...
###.#......#.....#. ...#
.. #.#.#.##.#.####..##
#..###
###.#.#.#.##.#.......#
#....#
##...(.#.####.######'###
##..##
...$..(@W(..(...........
#..#
.#.#.#.#.#######........
##..## #.#.# #........
#....# #.#.# #........
8...### #.#.# #........
......# #.#.# #........
......# #.#.# #..†.....
.....## #.#.# ######...
8....# ####


You could see zercules's ghost.

Vanquished Creatures
  An ice beast (D:5)
  A centaur (D:5)
  A jelly (D:5)
  A crimson imp (D:5)
  A giant frog zombie (D:4)
  A hound (D:4)
  An iguana (D:4)
  Terence (D:1)
  2 worker ants
  Robin (D:2)
  2 river rats
  16 adders
  A gnoll (D:5)
  3 oozes
  4 adder skeletons
  9 worms
  4 giant geckos
  6 orcs
  5 ball pythons
  4 giant cockroaches
  10 goblins
  4 hobgoblins
  10 kobolds
  2 quokkas
  4 bats
  A giant gecko skeleton (D:4)
  5 giant newts
  12 jackals
  4 rats
117 creatures vanquished.

Notes
Turn   | Place    | Note
--------------------------------------------------------------
     0 | D:1      | zercules the Centaur Hunter began the quest for the Orb.
     0 | D:1      | Reached XP level 1. HP: 17/17 MP: 1/1
   762 | D:2      | Noticed Terence
   821 | D:1      | Killed Terence
   821 | D:1      | Reached skill level 6 in Bows
   821 | D:1      | Reached XP level 2. HP: 24/24 MP: 2/2
   821 | D:1      | Reached XP level 3. HP: 29/29 MP: 3/3
   911 | D:2      | Found a deep blue altar of Sif Muna.
  1059 | D:2      | Found a faded altar to an unknown god.
  1121 | D:2      | Became a worshipper of Cheibriados the Contemplative
  1121 | D:2      | Reached * piety under Cheibriados
  1171 | D:2      | Reached skill level 7 in Bows
  1192 | D:2      | Noticed Robin
  1205 | D:2      | Killed Robin
  1262 | D:2      | Reached XP level 4. HP: 36/36 MP: 4/4
  1576 | D:2      | Reached ** piety under Cheibriados
  1712 | D:3      | Noticed zercules's ghost (weakling OgBe)
  1900 | D:2      | Reached skill level 8 in Bows
  2258 | D:3      | Reached XP level 5. HP: 37/41 MP: 5/5
  2433 | D:4      | Reached skill level 9 in Bows
  2443 | D:4      | Found a glowing drain.
  2495 | Sewer    | Entered a sewer
  2632 | Sewer    | Reached *** piety under Cheibriados
  2717 | Sewer    | Reached XP level 6. HP: 40/48 MP: 6/6
  2914 | D:4      | Reached skill level 10 in Bows
  3424 | D:4      | Reached **** piety under Cheibriados
  3527 | D:5      | Entered Level 5 of the Dungeon
  3608 | D:5      | Found a staircase to the Ecumenical Temple.
  3712 | D:5      | Found a glowing golden altar of the Shining One.
  3890 | D:5      | Noticed zercules's ghost (novice TrMo)
  3920 | D:5      | Reached skill level 11 in Bows
  3920 | D:5      | Reached XP level 7. HP: 21/55 MP: 7/7
  4465 | D:5      | Mangled by zercules's ghost

Action                   |  1- 3 |  4- 6 |  7- 9 || total
-------------------------+-------+-------+-------++-------
Melee: Short sword       |    35 |    94 |       ||   129
       Long sword        |       |     3 |     2 ||     5
 Fire: Shortbow          |    77 |   226 |    53 ||   356
Invok: Bend Time         |       |     1 |       ||     1
Evoke: Wand              |       |       |     1 ||     1
  Use: Potion            |       |       |     3 ||     3
  Eat: Chunk             |       |     3 |     1 ||     4
